 Dungeon Crawl Stone Soup version 0.29.1-15-g9cfb28693d (webtiles) character file.

Game seed: 14215334097000559846

16348 hawla the Cruncher (level 13, -18/105 HPs)
             Began as a Meteoran Ice Elementalist on Feb 23, 2023.
             Was a Priest of Vehumet.
             Demolished by Urug
             ... wielding a +7 great mace
              (46 damage)
             ... on level 2 of the Lair of Beasts on Feb 27, 2023.
             The game lasted 00:37:02 (5129 turns).

hawla the Cruncher (Meteoran Ice Elementalist)      Turns: 5129, Time: 00:37:02

Health: -18/105    AC:  9    Str:  8    XL:     13   Next: 4%
Magic:  26/28      EV:  2    Int: 27    God:    Vehumet [***...]
Gold:   405        SH:  0    Dex: 20    Spells: 10/32 levels left

rFire   . . .      SeeInvis .   s - staff of earth
rCold   + . .      Faith    .   (no shield)
rNeg    . . .      Spirit   .   C - +0 steam dragon scales
rPois   .          Reflect  .   m - +1 helmet
rElec   .          Harm     .   (no cloak)
rCorr   .          Rampage  .   (no gloves)
Will    +....                   i - +1 pair of boots
Stlth   +.........              q - amulet of regeneration
HPRegen 1.07/turn               e - +6 ring of intelligence
MPRegen 0.21/turn               j - ring of protection from cold

@: about to teleport, sleeping, freezing walls, glowing
A: sense surroundings 2, otherworldly, glowing, explore regen, agile 1,
screaming 1, MP-powered wands
a: Renounce Religion


You were on level 2 of the Lair of Beasts.
You worshipped Vehumet.
Vehumet was most pleased with you.
You visited 3 branches of the dungeon, and saw 13 of its levels.
You also visited: Bailey.

You collected 528 gold pieces.
You spent 123 gold pieces at shops.

Inventory:

Armour
 a - a +0 robe
 i - a +1 pair of boots (worn)
 m - a +1 helmet (worn)
 C - +0 steam dragon scales (worn)
Magical Staves
 s - a staff of earth (weapon)
Jewellery
 e - a +6 ring of intelligence (left hand)
 g - a +6 ring of dexterity
 j - a ring of protection from cold (right hand)
 q - an amulet of regeneration (around neck)
 u - a ring of protection from cold
Wands
 c - a wand of light (10)
 n - a wand of polymorph (9)
 v - a wand of flame (9)
 D - a wand of paralysis (5)
Scrolls
 f - 2 scrolls of enchant armour
 h - 2 scrolls of summoning
 l - 3 scrolls of butterflies
 o - 4 scrolls of fear
 r - 6 scrolls of enchant weapon
 y - a scroll of teleportation
 A - 2 scrolls of magic mapping
 B - 2 scrolls of identify
Potions
 b - 3 potions of magic
 d - a potion of attraction
 k - 2 potions of curing
 p - a potion of might
 t - 2 potions of cancellation
 w - 2 potions of heal wounds
 x - 2 potions of brilliance
 z - 3 potions of berserk rage {unknown}


   Skills:
 + Level 7.3 Fighting
 + Level 11.3 Staves
 + Level 7.6 Dodging
 - Level 1.4 Stealth
 + Level 10.2 Spellcasting
 + Level 7.8 Conjurations
 + Level 5.3 Necromancy
 + Level 9.1 Ice Magic
 + Level 5.1 Air Magic
 + Level 5.3 Earth Magic
 + Level 3.1 Evocations


You had 10 spell levels left.
You knew the following spells:

 Your Spells              Type           Power      Damage    Failure   Level
a - Freeze                Ice            100%       1d11      1%          1
b - Frozen Ramparts       Ice            100%       1d16      1%          3
c - Hailstorm             Conj/Ice       56%        3d12      1%          4
d - Airstrike             Air            20%        2d(3-19)  1%          4
e - Freezing Cloud        Conj/Ice/Air   26%        6-21      1%          5
f - Borgnjor's Vile Clut  Necr/Erth      29%        N/A       13%         5

Your spell library contained the following spells:

 Spells                   Type           Power      Damage    Failure   Level
 Dazzling Flash           Conj/Hex       68%        N/A       1%          3
 Necrotise                Necr           100%       1d9       1%          1
 Shock                    Conj/Air       100%       1d9       1%          1
 Mephitic Cloud           Conj/Pois/Air  37%        N/A       1%          3
 Ozocubu's Armour         Ice            59%        N/A       1%          3
 Swiftness                Air            41%        N/A       1%          3
 Vampiric Draining        Necr           42%        2d9       1%          3
 Ignite Poison            Fire/Tmut/Pois 13%        N/A       3%          3
 Beastly Appendage        Tmut           26%        N/A       4%          1
 Slow                     Hex            52%        N/A       4%          1
 Animate Dead             Necr           42%        N/A       4%          4
 Wereblood                Tmut           13%        N/A       6%          2
 Confusing Touch          Hex            13%        N/A       13%         3
 Spider Form              Tmut/Pois      13%        N/A       13%         3
 Agony                    Necr           42%        N/A       13%         5
 Death Channel            Necr           21%        N/A       58%         6


Dungeon Overview and Level Annotations

Branches:
Dungeon (9/15) Zot: 1402   Temple (1/1) D:6 Zot: 413    Lair (3/5) D:8 Zot: 981
 Shoals (0/4) Lair:2       Bailey (visited)
  Snake: Lair:2-3    Spider: Lair:2-3       Orc: D:9-12

Altars:
Ashenzari
Dithmenos
Elyvilon
Gozag
Hepliaklqana
Kikubaaqudgha
Nemelex Xobeh
Okawaru
Qazlal
Ru
Sif Muna
Trog
Uskayaw
Vehumet
Wu Jian
Xom
Yredelemnul
Zin
The Shining One

Shops:
D:1 [   D:4 *

Annotations:
Lair:2 Urug


Innate Abilities, Weirdness & Mutations

You passively map the area around you.
You are easily found by Zot.
You glow in the dark.
You regain HP and MP as you explore.
You are agile. (Dex +4, Str/Int -1)
You occasionally shout uncontrollably at your foes.
You expend magic power (3 MP) to strengthen your wands.


Message History

The wall freezes Urug but does no damage.
Urug completely misses you.
The wall freezes the dream sheep but does no damage.
The dream sheep shake their wool and sparkle.
You feel drowsy...
You fall asleep.
The wall freezes the dream sheep.
The dream sheep bites you but does no damage.
The wall freezes Urug but does no damage.
Urug hits you with a +7 great mace!!
You wake up.
* * * LOW HITPOINT WARNING * * *
The wall freezes the dream sheep!
The dream sheep misses you.
The wall freezes the dream sheep!
The dream sheep barely misses you.
You hear an angry hiss.
Unknown command.
Saving game... please wait.
Level annotation: Urug Welcome back, hawla the Meteoran Ice Elementalist.
Vehumet says: Let it end in hellfire!
Press ? for a list of commands and other information.
Unknown command.
You feel much better.
A water moccasin comes into view.
The wall freezes the dream sheep.
The dream sheep bites you but does no damage.
The wall freezes the dream sheep.
The dream sheep misses you.
The wall freezes Urug!
Urug closely misses you.
As you read the scroll of teleportation, it crumbles to dust.
You feel strangely unstable.
The wall freezes the dream sheep.
The dream sheep bites you!
The wall freezes the dream sheep.
The dream sheep bites you!
* * * LOW HITPOINT WARNING * * *
The wall freezes Urug.
Urug hits you with a +7 great mace!!
* * * LOW HITPOINT WARNING * * *
The water moccasin hisses angrily.
You feel much better.
The wall freezes the dream sheep.
The dream sheep shake their wool and sparkle.
You feel drowsy...
You fall asleep.
The wall freezes Urug but does no damage.
Urug hits you with a +7 great mace!!!
You die...

.....P..P#.## ####~.#~#*~
....#....#..# ~..~#
....#......## ..>.~,,,
.......+#P.# , ~~..#~
...........# * , *
...........### , *#* ~ ~,
............P######* ..~ ~ ~
...........P.##.#Y#..#.. *
...............Y@o.S....,, ,
##.P##.P......[.####....,, ,
#).............## * *# ..
........P......# *..., , ,
#..............#########...
,,
#.......#........##...#.#..
#..........................,
,,
#.......#..##..#P.#........
, *
...#....#..#######.........


You could see Urug, a water moccasin and 2 dream sheep.

Vanquished Creatures
  3 black mambas
  2 cane toads
  A komodo dragon (Lair:2)
  7 blink frogs (Lair:2)
  A dream sheep (Lair:3)
  4 wyverns
  Sigmund (D:4)
  9 yaks
  Eustachio (D:4)
  A basilisk (Lair:2)
  Edmund (D:4)
  4 steam dragons
  A water moccasin (Lair:1)
  15 orc warriors
  2 ice beasts
  4 black bears
  A sky beast (D:4)
  5 wolves (Lair:2)
  4 ogres
  6 centaurs
  A phantom (D:5)
  Blork the orc (D:5)
  7 bullfrogs
  2 kobold brigands (D:8)
  4 necrophages
  5 scorpions
  2 electric eels
  4 howler monkeys
  An orc priest (D:9)
  2 gnoll boudas
  2 hounds
  A jelly (D:3)
  An iguana (D:4)
  7 orc wizards
  10 gnolls
  5 adders
  3 white imps
  A worm (D:3)
  A dart slug (D:4)
  36 orcs
  2 ball pythons
  2 bats (D:3)
  3 endoplasms
  2 giant cockroaches (D:3)
  14 goblins
  13 hobgoblins
  2 jackals (D:3)
  8 kobolds
  A quokka (D:4)
  4 frilled lizards
  5 rats
225 creatures vanquished.

Vanquished Creatures (collateral kills)
  A phantom (D:4)
  A worm (D:4)
2 creatures vanquished.

Vanquished Creatures (others)
  5 fungi (Lair:2)
  17 plants
22 creatures vanquished.

Grand Total: 249 creatures vanquished

Notes
Turn   | Place    | Note
-------+----------+-------------------------------------------
     0 | D:1      | hawla the Meteoran Ice Elementalist began the quest for the
                  | Orb.
     0 | D:1      | Reached XP level 1. HP: 14/14 MP: 5/5
    40 | D:1      | Reached XP level 2. HP: 20/20 MP: 3/6
   142 | D:1      | Found Zaownost's Armour Boutique.
   253 | D:3      | Reached XP level 3. HP: 21/26 MP: 3/8
   257 | D:3      | Learned a level 3 spell: Frozen Ramparts
   269 | D:3      | Reached skill level 5 in Ice Magic
   269 | D:3      | Reached XP level 4. HP: 31/33 MP: 0/10
   286 | D:3      | Noticed a scorpion
   300 | D:3      | Killed a scorpion
   301 | D:3      | Reached XP level 5. HP: 24/38 MP: 1/12
   525 | D:4      | Reached skill level 5 in Spellcasting
   583 | D:4      | Reached XP level 6. HP: 31/45 MP: 10/14
   588 | D:4      | Learned a level 4 spell: Hailstorm
   591 | D:4      | Identified the +1 battleaxe of Ebokke Ufith {vorpal, rElec
                  | rC+ Int-2 SInv}
   609 | D:4      | Noticed Eustachio
   615 | D:4      | Killed Eustachio
   616 | D:4      | Reached XP level 7. HP: 39/50 MP: 5/15
   669 | D:4      | Reached skill level 5 in Conjurations
   738 | D:4      | Found a stormy altar of Qazlal.
   748 | D:4      | Found a shimmering blue altar of Sif Muna.
   826 | D:4      | Reached XP level 8. HP: 44/58 MP: 11/17
   834 | D:4      | Noticed Sigmund
   839 | D:4      | Killed Sigmund
   840 | D:4      | Reached skill level 1 in Staves
   971 | D:4      | Noticed Edmund
   980 | D:4      | Killed Edmund
   981 | D:4      | Reached skill level 1 in Earth Magic
   981 | D:4      | Reached skill level 1 in Evocations
  1005 | D:4      | Found Urintus's General Store.
  1053 | D:4      | Bought a scroll of summoning for 123 gold pieces
  1153 | D:4      | Reached skill level 2 in Staves
  1210 | D:5      | Entered Level 5 of the Dungeon
  1338 | D:5      | Reached skill level 3 in Staves
  1338 | D:5      | Gained mutation: You passively map the area around you.
                  | [Meteoran growth]
  1338 | D:5      | Reached XP level 9. HP: 52/63 MP: 12/19
  1497 | D:5      | Found a sparkling altar of Nemelex Xobeh.
  1509 | D:5      | Reached skill level 4 in Staves
  1557 | D:5      | Reached skill level 5 in Staves
  1770 | D:5      | Reached skill level 1 in Fighting
  1770 | D:5      | Reached skill level 6 in Staves
  1805 | D:5      | Reached skill level 7 in Staves
  1822 | D:5      | Reached skill level 8 in Staves
  1826 | D:5      | Reached XP level 10. HP: 67/75 MP: 3/20
  1989 | D:5      | Noticed Blork the orc
  1994 | D:5      | Killed Blork the orc
  2073 | D:5      | Identified the +2 ring mail of the Comet {rF- rN+ Dex+7}
  2340 | D:6      | Reached skill level 9 in Staves
  2364 | D:6      | Reached skill level 5 in Dodging
  2392 | D:6      | Found a staircase to the Ecumenical Temple.
  2400 | Temple   | Entered the Ecumenical Temple
  2573 | Temple   | Became a worshipper of Vehumet
  2768 | D:7      | Identified the +3 great sword "Olobb" {drain, rN+}
  3179 | D:8      | Found a staircase to the Lair.
  3226 | D:8      | Reached * piety under Vehumet
  3226 | D:8      | Offered knowledge of Sandblast by Vehumet.
  3352 | D:8      | Found a flagged portal.
  3370 | Bailey   | Entered a bailey
  3384 | Bailey   | Reached XP level 11. HP: 85/85 MP: 5/23
  3389 | Bailey   | Learned a level 4 spell: Airstrike
  3423 | Bailey   | Reached skill level 1 in Air Magic
  3460 | Bailey   | Gained mutation: You expend magic power (3 MP) to
                  | strengthen your wands. [potion of mutation]
  3460 | Bailey   | Gained mutation: You occasionally shout uncontrollably at
                  | your foes. [potion of mutation]
  3460 | Bailey   | Gained mutation: You are agile. (Dex +4, Str/Int -1)
                  | [potion of mutation]
  3463 | Bailey   | Reached skill level 11 in Staves
  3463 | Bailey   | Reached XP level 12. HP: 100/100 MP: 12/25
  3491 | Bailey   | Reached skill level 5 in Air Magic
  3557 | D:8      | Reached ** piety under Vehumet
  3557 | D:8      | Offered knowledge of Foxfire by Vehumet.
  4310 | Lair:1   | Entered Level 1 of the Lair of Beasts
  4317 | Lair:1   | Learned a level 5 spell: Freezing Cloud
  4323 | Lair:1   | Learned a level 5 spell: Borgnjor's Vile Clutch
  4382 | Lair:1   | Reached skill level 1 in Necromancy
  4406 | Lair:1   | Found an opulent altar of Gozag.
  4590 | Lair:1   | HP: 5/100 [poisoned by a black mamba]
  4678 | Lair:2   | Offered knowledge of Dazzling Flash by Vehumet.
  4688 | Lair:2   | Reached skill level 5 in Earth Magic
  4745 | Lair:2   | Reached skill level 5 in Necromancy
  4937 | Lair:2   | Reached skill level 10 in Spellcasting
  4943 | Lair:2   | Reached *** piety under Vehumet
  4947 | Lair:2   | Reached XP level 13. HP: 105/105 MP: 5/28
  5087 | Lair:2   | Found a staircase to the Shoals.
  5118 | Lair:3   | Noticed Urug
  5128 | Lair:2   | HP: 1/105 [Urug/+7 great mace (27)]
  5129 | Lair:2   | Demolished by Urug

Illustrated notes

Levels and vault maps discovered:
D:1:      mrwooster_arrival_statue, layout_basic,
          dreamdust_ecumenical_altar_angels_and_demons, serial_shops, shop,
          hangedman_decor_riveting, kennysheep_decorative_pillar,
          wander_ebering_terrifying_dragon_lair
D:2:      layout_basic, kennysheep_minor_cross, minmay_lizard_king
D:3:      layout_loops_ring, roderic_three_in_a_row
D:4:      layout_basic, amethyst_overflow_temple_binary, serial_shops,
          nicolae_square_shop, uniq_sigmund, uniq_eustachio, uniq_edmund
D:5:      corexii_shantytown, layout_basic, nemelex_dance_club_becter,
          uniq_blork_the_orc
D:6:      layout_rooms, minmay_temple_entry_slanted, grunt_decor_mini_mirrors,
          uniq_pikel
D:7:      layout_gridville, minmay_liquid_box, uniq_maggie
D:8:      minmay_skewed_foursquare, layout_basic, enter_bailey_5,
          serial_bayou_lagoon_a, kennysheep_opposing_triangles
D:9:      layout_irregular_city, gammafunk_temple_overflow_pools
Temple:   regret_index_temple_sphere_string
Lair:1:   layout_loops_ring, grunt_forest_stairs_basic, lemuel_centaur_altar
Lair:2:   layout_chaotic_city, elwin_shoals_entry_rocks, serial_bayou_pond_a,
          grunt_megastairs_5
Lair:3:   layout_hall_layers, guppyfry_snake_entry_island, uniq_urug

Skill      XL: |  1  2  3  4  5  6  7  8  9 10 11 12 13 |
---------------+----------------------------------------+-----
Spellcasting   | 3 4 5 6 7 8 10 | 10.2
Ice Magic      | 5 6 8 9 |  9.1
Conjurations   | 3 5 6 7 |  7.8
Staves         | 3 8 9 11 | 11.3
Earth Magic    | 3 5 |  5.3
Evocations     | 3 |  3.1
Fighting       | 2 4 7 |  7.3
Dodging        | 4 5 7 |  7.6
Air Magic      | 4 5 |  5.1
Necromancy     | 5 |  5.3
Stealth        | |  1.4

Action                   |  1- 3 |  4- 6 |  7- 9 | 10-12 | 13-15 || total
-------------------------+-------+-------+-------+-------+-------++-------
Melee: Unarmed           |       |     7 |       |       |       ||     7
       Staff             |       |       |   112 |   182 |       ||   294
       Punch             |       |       |     2 |     1 |       ||     3
 Cast: Freeze            |    25 |    17 |    41 |    53 |     9 ||   145
       Frozen Ramparts   |     1 |     8 |    31 |    33 |     1 ||    74
       Hailstorm         |       |     1 |    23 |    65 |       ||    89
       Airstrike         |       |       |       |     5 |       ||     5
       Borgnjor's Vile C |       |       |       |     4 |     1 ||     5
       Freezing Cloud    |       |       |       |     4 |       ||     4
Evoke: Wand              |       |       |     1 |     2 |       ||     3
  Use: Scroll            |       |       |    10 |     8 |     1 ||    19
       Potion            |       |       |     6 |     3 |     2 ||    11
 Stab: Invisible         |       |       |     2 |     6 |       ||     8
Armor: Robe              |     3 |     3 |    32 |    59 |       ||    97
       Steam dragon scal |       |       |       |     3 |     6 ||     9
Dodge: Dodged            |    11 |    14 |    81 |   168 |    10 ||   284
